 Dungeon Crawl Stone Soup version 0.21-a0-537-gd2fb950b4b (webtiles) character file.

543 MirrMurr the Slasher (level 7, -2/48 HPs)
             Began as a Halfling Berserker on Dec 15, 2017.
             Was a Believer of Trog.
             Slain by an ogre
             ... wielding a +0 giant club
              (16 damage)
             ... on level 4 of the Dungeon.
             The game lasted 00:10:10 (3816 turns).

MirrMurr the Slasher (Halfling Berserker)           Turns: 3816, Time: 00:10:10

Health: -2/48      AC: 13    Str: 20    XL:     7   Next: 52%
Magic:  7/7        EV: 12    Int:  5    God:    Trog [**....]
Gold:   253        SH:  0    Dex: 14    Spells: 6/6 levels left

rFire    . . .     SeeInvis +   a - +0 long sword
rCold    . . .     Gourm    .   (shield restricted)
rNeg     . . .     Faith    .   t - +0 chain mail
rPois    +         Spirit   .   u - +0 helmet
rElec    .         Reflect  .   (no cloak)
rCorr    .         Harm     .   f - +0 pair of gloves
MR       .....                  p - +0 pair of boots
Stlth    ..........             (no amulet)
HPRegen  0.16/turn              k - ring of poison resistance
MPRegen  0.10/turn              q - ring of see invisible

@: no status effects
A: small, mutation resistance 1
a: Berserk, Trog's Hand, Burn Spellbooks, Renounce Religion


You were on level 4 of the Dungeon.
You worshipped Trog.
Trog was pleased with you.
You were hungry.

You visited 1 branch of the dungeon, and saw 4 of its levels.

You collected 253 gold pieces.

Inventory:

Hand Weapons
 a - a +0 long sword (weapon)
 b - a +0 hunting sling
Missiles
 d - 119 stones
 g - 6 tomahawks (quivered)
 i - 20 poisoned needles
 j - 25 sling bullets
Armour
 f - a +0 pair of gloves (worn)
 p - a +0 pair of boots (worn)
 t - a +0 chain mail (worn)
 u - a +0 helmet (worn)
Jewellery
 k - a ring of poison resistance (left hand)
 q - a ring of see invisible (right hand)
Wands
 m - a wand of flame (11)
Scrolls
 h - a scroll of teleportation
 r - a scroll of remove curse
 v - a scroll of amnesia {unknown}
Potions
 e - 3 potions of heal wounds
 o - a potion of curing
Comestibles
 c - 3 bread rations
 l - 6 chunks of flesh
 n - a royal jelly
 s - 2 meat rations


   Skills:
 + Level 4.0 Fighting
 + Level 5.2 Long Blades
 * Level 2.7 Slings
 + Level 4.1 Armour
 + Level 4.2 Dodging


You had 6 spell levels left.
You didn't know any spells.

Dungeon Overview and Level Annotations

Branches:
Dungeon (4/15)
 Temple: D:4-7

Altars:
Ru

Shops:
D:4 [

Annotations:
D:4 Pikel


Innate Abilities, Weirdness & Mutations

You are small and have problems with some larger weapons.
You are somewhat resistant to further mutation.


Message History

The slave is heavily wounded.
The slave barely misses you.
You slash the slave!
The slave is severely wounded.
The slave hits you.
You hit the slave.
The slave is almost dead.
The slave hits you!
* * * LOW HITPOINT WARNING * * *
You slash the slave!
You kill the slave!
That felt strangely unrewarding.
You hit the ogre.
The ogre is lightly wounded.
The ogre misses you.
You riposte.
You hit the ogre.
The ogre is moderately wounded.
You barely miss the ogre.
The ogre is moderately wounded.
The ogre hits you with a giant club!
You die...

........########'##.........#####
#.......##..................##...
#...######..........##'##)####.##
#...# #..........##.#.....#.#.
#...# #..........##.#..##.#.#.
#...# #..........##.##.<..#.#.
#.#.# #.......)..##.#######.#.
#.#.# #######'#####.#.......#.
#@# #.#.######## #O# #.#.#.......
#.#####.#.........
#.##......#......#
#.##......######.# #.##.P......#
#.# #.##.P∩P.##.# #.#
#.##.PPP.##.# #.# #.##.....##.#
#.#


You could see an ogre.

Vanquished Creatures
  Sigmund (D:2)
  4 slaves
  A bullfrog (D:4)
  A howler monkey (D:4)
  A hound (D:4)
  An orc wizard (D:4)
  An orc priest (D:4)
  An iguana (D:4)
  Robin (D:4)
  6 adders
  2 oozes (D:3)
  An adder skeleton (D:4)
  2 leopard geckos
  3 orcs
  5 giant cockroaches
  9 hobgoblins
  9 jackals
  7 kobolds
  2 quokkas
  12 bats
  3 frilled lizards
  13 goblins
  7 rats
93 creatures vanquished.

Vanquished Creatures (others)
  A goblin (D:4)
1 creature vanquished.

Grand Total: 94 creatures vanquished

Notes
Turn   | Place    | Note
-------+----------+-------------------------------------------
     0 | D:1      | MirrMurr the Halfling Berserker began the quest for the Orb.
     0 | D:1      | Reached XP level 1. HP: 15/15 MP: 1/1
   199 | D:1      | Reached XP level 2. HP: 20/20 MP: 2/2
   572 | D:1      | Reached XP level 3. HP: 24/25 MP: 3/3
   956 | D:2      | Noticed Sigmund
  1308 | D:2      | Reached ** piety under Trog
  1469 | D:2      | Reached XP level 4. HP: 29/31 MP: 4/4
  1643 | D:2      | Killed Sigmund
  1643 | D:2      | Reached skill level 4 in Long Blades
  1643 | D:2      | Reached XP level 5. HP: 36/36 MP: 5/5
  1643 | D:2      | Reached XP level 6. HP: 42/42 MP: 6/6
  2470 | D:3      | Found a sacrificial altar of Ru.
  2626 | D:4      | Noticed a slave
  2626 | D:4      | Noticed a slave
  2627 | D:4      | Noticed Pikel
  2627 | D:4      | Noticed a slave
  2628 | D:4      | Noticed an ogre
  2628 | D:4      | Noticed a slave
  2652 | D:3      | Killed a slave
  3239 | D:4      | Reached skill level 5 in Long Blades
  3318 | D:4      | Noticed Robin
  3356 | D:4      | Killed Robin
  3536 | D:4      | Found Kearheot's Antique Armour Emporium.
  3611 | D:4      | Reached skill level 1 in Slings
  3611 | D:4      | Reached XP level 7. HP: 43/47 MP: 7/7
  3816 | D:4      | Slain by an ogre

Vault maps used:
D:1:      minmay_arrival_three_doors, corexii_item_surrounded_by_moat,
          kennysheep_decorative_pillar, minmay_tromino_v4_a
D:2:      minmay_distorted, uniq_sigmund
D:3:      nicolae_ru_the_path_less_chosen, first_bread
D:4:      serial_shops, nicolae_shop_overgrown_old_shop, uniq_pikel, uniq_robin

Skill      XL: |  1  2  3  4  5  6  7 |
---------------+----------------------+-----
Fighting       | 3 4 |  4.0
Long Blades    | 4 5 |  5.2
Armour         | 3 4 |  4.1
Dodging        | 3 4 |  4.2
Slings         | 1 2 |  2.7

Action                   |  1- 3 |  4- 6 |  7- 9 || total
-------------------------+-------+-------+-------++-------
Melee: Falchion          |   109 |    62 |       ||   171
       Long sword        |       |    97 |    62 ||   159
 Fire: Hunting sling     |       |     6 |     4 ||    10
Throw: Stone             |     4 |       |       ||     4
       Tomahawk          |     3 |     6 |       ||     9
Invok: Trog's Hand       |       |     1 |     2 ||     3
       Berserk           |       |     1 |       ||     1
  Use: Scroll            |     3 |     6 |       ||     9
  Eat: Chunk             |     1 |     9 |     1 ||    11
Armor: Animal skin       |    14 |       |       ||    14
       Ring mail         |     1 |       |       ||     1
       Chain mail        |    27 |    62 |    29 ||   118
Dodge: Dodged            |   100 |   102 |    31 ||   233
       Rpst.: Falchion   |    23 |    10 |       ||    33
       Long sword        |       |    20 |    16 ||    36

Table legend:
 A = Spawn XP
 B = Non-spawn XP
 C = Spawn XP percentage of total XP
 D = Spawn monster count
 E = Non-spawn monster count
 F = Spawn count percentage of total count
 G = Total turns spent on level
                    A         B        C        D         E        F      G
               +---------+---------+-------+---------+---------+-------+---------
         Total |       0 |     777 |   0.0 |       0 |      90 |   0.0 |  3816
               +---------+---------+-------+---------+---------+-------+---------
           D:1 |       0 |      39 |   0.0 |       0 |      22 |   0.0 |   964
           D:2 |       0 |     272 |   0.0 |       0 |      19 |   0.0 |   933
           D:3 |       0 |      84 |   0.0 |       0 |      23 |   0.0 |   932
           D:4 |       0 |     382 |   0.0 |       0 |      26 |   0.0 |   987
               +---------+---------+-------+---------+---------+-------+---------
